 Dungeon Crawl Stone Soup version 0.28.0-53-g5a82cb258f (webtiles) character file.

Game seed: 13372715422255316867

307 DocClef the Spear-Bearer (level 6, -9/44 HPs)
             Began as a Merfolk Gladiator on June 29, 2022.
             Killed from afar by Dowan (13 damage)
             ... with a shard of ice
             ... on level 4 of the Dungeon.
             The game lasted 00:04:16 (3396 turns).

DocClef the Spear-Bearer (Merfolk Gladiator)        Turns: 3396, Time: 00:04:17

Health: -9/44      AC: 11    Str: 17    XL:     6   Next: 40%
Magic:  6/6        EV:  6    Int:  7    God:
Gold:   101        SH:  0    Dex: 15    Spells: 5/5 levels left

rFire   . . .      SeeInvis .   a - +0 trident
rCold   . . .      Faith    .   (no shield)
rNeg    . . .      Spirit   .   p - +0 plate armour
rPois   .          Reflect  .   c - +0 helmet
rElec   .          Harm     .   (no cloak)
rCorr   .          Rampage  .   (no gloves)
Will    .....                   (no boots)
Stlth   ..........              n - amulet of regeneration
HPRegen 0.94/turn               (no ring)
MPRegen 0.10/turn               (no ring)

@: no status effects
A: (nimble swimmer 2), mertail
a: no special abilities


You were on level 4 of the Dungeon.
You visited 1 branch of the dungeon, and saw 4 of its levels.

You collected 101 gold pieces.

Inventory:

Hand Weapons
 a - a +0 trident (weapon)
Missiles
 d - 2 throwing nets (quivered)
Armour
 b - a +0 leather armour
 c - a +0 helmet (worn)
 i - a +0 scale mail
 p - a +0 plate armour (worn)
Jewellery
 n - an amulet of regeneration (around neck)
Wands
 s - a wand of acid (3)
Scrolls
 e - 2 scrolls of fog {unknown}
 h - a scroll of noise {unknown}
 j - 3 scrolls of enchant armour {unknown}
 l - 2 scrolls of magic mapping {unknown}
 m - a scroll of fear {unknown}
 r - a scroll of amnesia {unknown}
 t - a scroll of identify {unknown}
Potions
 g - a potion of mutation {unknown}
 k - a potion of flight {unknown}
 o - 2 potions of might {unknown}
 q - a potion of ambrosia {unknown}
 u - a potion of attraction {unknown}
 v - a potion of brilliance {unknown}


   Skills:
 - Level 2.1 Fighting
 + Level 10.0 Polearms
 - Level 2.0 Throwing
 - Level 4.0 Dodging


You had 5 spell levels left.
You didn't know any spells.
Your spell library contained the following spells:

 Spells                   Type           Power      Damage    Failure   Level
 Apportation              Tloc           0%         N/A       100%        1
 Call Canine Familiar     Summ           0%         N/A       100%        3
 Ozocubu's Armour         Ice            0%         N/A       100%        3
 Portal Projectile        Hex/Tloc       0%         N/A       100%        3
 Tukima's Dance           Hex            0%         N/A       100%        3
 Leda's Liquefaction      Hex/Erth       0%         N/A       100%        4
 Passage of Golubria      Tloc           0%         N/A       100%        4
 Alistair's Intoxication  Tmut/Pois      0%         N/A       100%        5
 Yara's Violent Unravell  Hex/Tmut       0%         3d3       100%        5
 Ozocubu's Refrigeration  Ice            0%         4d5       100%        7


Dungeon Overview and Level Annotations

Branches:
Dungeon (4/15)
 Temple: D:4-7

Altars:

Annotations:
D:3 4 runed translucent doors, Crazy Yiuf; EyeSee2020's ghost, amateur HOMo; Selrock's ghost, weakling KoBr; Sin92's ghost, amateur DsFi
D:4 Dowan


Innate Abilities, Weirdness & Mutations

((You are very nimble when in or above water. (Stealth+, EV+, Speed+++)))
Your lower body shifts to a powerful aquatic tail in water.


Message History

Dowan hits you with a +0 dagger of freezing.
Dowan freezes you.
You barely miss Dowan.
Dowan hits you with a +0 dagger of freezing.
Dowan freezes you.
You hit Dowan.
Dowan is lightly wounded.
Dowan hits you but does no damage.
You puncture Dowan!
Dowan is heavily wounded.
Dowan hits you with a +0 dagger of freezing.
Dowan freezes you.
You hit Dowan but do no damage.
Dowan is heavily wounded.
Dowan hits you with a +0 dagger of freezing.
Dowan freezes you. Dowan gestures at you while chanting.
The shard of ice hits you!!
Ouch! That really hurt!
* * * LOW HITPOINT WARNING * * *
You barely miss Dowan.
Dowan is heavily wounded.
Dowan hits you but does no damage.
It was a potion of curing.
You feel better. Dowan hits you but does no damage.
You hit Dowan but do no damage.
Dowan is heavily wounded.
Dowan hits you with a +0 dagger of freezing.
* * * LOW HITPOINT WARNING * * *
Dowan freezes you.
* * * LOW HITPOINT WARNING * * *
Unknown command.
You barely miss Dowan.
Dowan is heavily wounded.
Dowan hits you with a +0 dagger of freezing.
* * * LOW HITPOINT WARNING * * *
Dowan freezes you.
* * * LOW HITPOINT WARNING * * *
Dowan gestures at you while chanting. The shard of ice hits you!
You die...

#####......#.# #...###.
##..........# ## #.#.
#.........####+### #...
#.....##### #^...#.#.#.
#.....# #....#.#.#.
#.###.....# #..(.#.#.#.
#.........# #....#.#.#.
#####.....#######....#.#.#.
##.......e@).........#.#.#.
..........#######......#.#.
......##### ####...#...
.....) #..>##.. ......
#..[.'.. ...... #######..
..... ......... ....
#######.. #.#


You could see Dowan (fast).

Vanquished Creatures
  Duvessa (D:4)
  Terence (D:2)
  A hound skeleton (D:4)
  3 gnolls (D:3)
  5 adders
  2 worms
  5 dart slugs
  12 endoplasms
  A giant cockroach (D:1)
  5 goblins
  5 hobgoblins
  5 jackals
  4 quokkas
  7 ball pythons
  8 bats
  2 frilled lizards
  7 kobolds
  7 rats
81 creatures vanquished.

Vanquished Creatures (others)
  4 withered plants (D:3)
4 creatures vanquished.

Grand Total: 85 creatures vanquished

Notes
Turn   | Place    | Note
-------+----------+-------------------------------------------
     0 | D:1      | DocClef the Merfolk Gladiator began the quest for the Orb.
     0 | D:1      | Reached XP level 1. HP: 16/16 MP: 1/1
   175 | D:1      | Reached skill level 5 in Polearms
   260 | D:1      | Reached XP level 2. HP: 11/22 MP: 2/2
   719 | D:1      | Reached skill level 6 in Polearms
   719 | D:1      | Reached XP level 3. HP: 22/27 MP: 3/3
   944 | D:1      | Found a faded altar of an unknown god.
  1235 | D:2      | Noticed Terence
  1480 | D:1      | Reached skill level 7 in Polearms
  1480 | D:1      | Reached XP level 4. HP: 33/33 MP: 4/4
  1497 | D:2      | Killed Terence
  2351 | D:3      | Reached skill level 8 in Polearms
  2375 | D:3      | Reached XP level 5. HP: 30/38 MP: 5/5
  2414 | D:3      | Found a runed translucent gate.
  2414 | D:3      | Found a runed translucent gate.
  2415 | D:3      | Found a runed translucent gate.
  2418 | D:3      | Noticed Sin92's ghost (amateur DsFi)
  2418 | D:3      | Noticed Selrock's ghost (weakling KoBr)
  2418 | D:3      | Noticed EyeSee2020's ghost (amateur HOMo)
  2510 | D:3      | Found a runed translucent door.
  2511 | D:3      | Noticed Crazy Yiuf
  3043 | D:4      | Noticed a phantom
  3055 | D:3      | Reached skill level 9 in Polearms
  3108 | D:4      | Noticed Dowan
  3338 | D:4      | Noticed Duvessa
  3379 | D:4      | Killed Duvessa
  3380 | D:4      | Reached skill level 10 in Polearms
  3380 | D:4      | Reached XP level 6. HP: 28/44 MP: 6/6
  3392 | D:4      | HP: 2/44 [Dowan/shard of ice (22)]
  3396 | D:4      | Killed from afar by Dowan

Illustrated notes

Levels and vault maps discovered:
D:1:      giann_wishing_wells, layout_loops_ring,
          ebering_ecumenical_altar_sacrificial
D:2:      layout_basic, uniq_terence
D:3:      layout_loops_ring, gammafunk_ghost_cemetery, uniq_crazy_yiuf_cottage
D:4:      layout_basic, lemuel_zombie_altar_yredelemnul, uniq_duvessa,
          uniq_edmund

Skill      XL: |  1  2  3  4  5 |
---------------+----------------+-----
Polearms       | 5 6 7 8 10 | 10.0
Fighting       | |  2.1
Throwing       | |  2.0
Dodging        | |  4.0

Action                   |  1- 3 |  4- 6 || total
-------------------------+-------+-------++-------
Melee: Trident           |   100 |   197 ||   297
       Punch             |     2 |     1 ||     3
Throw: Throwing net      |       |     2 ||     2
  Use: Potion            |       |     1 ||     1
 Stab: Held in net/web   |       |     2 ||     2
Armor: Leather armour    |    15 |       ||    15
       Scale mail        |    22 |     8 ||    30
       Plate armour      |       |    50 ||    50
Dodge: Dodged            |    69 |    48 ||   117
